 Dungeon Crawl Stone Soup version 0.23-a0-386-g9c9d49f (webtiles) character file.

807 Amnesiac the Cutter (level 7, -2/52 HPs)
             Began as a Mummy Chaos Knight on Oct 28, 2018.
             Was a Plaything of Xom.
             Slain by a two-headed ogre
             ... wielding a +0 giant club
             ... summoned by Xom
              (23 damage)
             ... on level 5 of the Dungeon.
             The game lasted 00:07:12 (2896 turns).

Amnesiac the Cutter (Mummy Chaos Knight)            Turns: 2896, Time: 00:07:13

Health: -2/52      AC:  9    Str: 17    XL:     7   Next: 60%
Magic:  7/7        EV:  7    Int: 11    God:    Xom [.*....]
Gold:   391        SH:  0    Dex: 14    Spells: 6/6 levels left

rFire    x . .     SeeInvis .   j - +0 short sword (chaos)
rCold    . . .     Gourm    .   (no shield)
rNeg     + + +     Faith    .   s - +0 chain mail "Neetehoi" {rC- rN++ Dex+2} (curse)
rPois    ∞         Spirit   .   (no helmet)
rElec    .         Reflect  .   (no cloak)
rCorr    .         Harm     .   g - +0 pair of gloves
MR       .....                  (no boots)
Stlth    ..........             m - amulet of the acrobat
HPRegen  0.17/turn              (no ring)
MPRegen  0.10/turn              (no ring)

@: about to teleport
A: no food or potions, fire vulnerability, cold resistance 1, negative energy
resistance 3, torment resistance, unbreathing
a: Renounce Religion


You were on level 5 of the Dungeon.
You worshipped Xom.
You were a plaything of Xom.
You were not hungry.

You visited 2 branches of the dungeon, and saw 6 of its levels.
You also visited: Ossuary.

You collected 391 gold pieces.

Inventory:

Hand Weapons
 a - a +2 hand axe of electrocution
 b - a +0 hunting sling
 j - a +0 short sword of chaos (weapon)
Missiles
 d - 89 stones (quivered)
 f - 15 sling bullets
Armour
 c - a +2 leather armour
 g - a +0 pair of gloves (worn)
 h - a +0 chain mail
 s - the cursed +0 chain mail "Neetehoi" (worn) {rC- rN++ Dex+2}
   (You found it on level 5 of the Dungeon)

   It affects your dexterity (+2).
   It makes you vulnerable to cold.
   It greatly protects you from negative energy.
   It has a curse placed upon it.
Jewellery
 k - an uncursed ring of teleportation
 m - an amulet of the acrobat (around neck)
Wands
 q - a wand of iceblast (13)
Scrolls
 e - a scroll of acquirement {!r, unknown}
 i - a scroll of noise {!r}
 l - a scroll of enchant armour {!r}
 o - a scroll of teleportation {!r}
 p - a scroll of magic mapping {!r}
 r - a scroll of enchant weapon {!r}


   Skills:
 - Level 3.0 Fighting
 + Level 7.6 Short Blades
 - Level 1.5 Armour
 - Level 0.7 Dodging


You had 6 spell levels left.
You didn't know any spells.
Your spell library was empty.

Dungeon Overview and Level Annotations

Branches:
Dungeon (5/15)             Temple (1/1) D:5

Altars:
Cheibriados
Elyvilon
Hepliaklqana
Kikubaaqudgha
Ru
Trog
Wu Jian
Yredelemnul
Zin


Innate Abilities, Weirdness & Mutations

You do not eat or drink.
Your flesh is vulnerable to fire.
You are immune to poison.
Your flesh is cold resistant. (rC+)
You are immune to negative energy. (rN+++)
You are immune to unholy pain and torment.
You can survive without breathing.


Message History

You hit the orc.
You kill the orc!
No target in view!
No target in view!
Found a stone staircase leading up.
Items here: ))) [[ †
s - a scorched chain mail Wear which item? (? for menu, Esc to quit)
You start removing your armour.
You continue taking off your +2 leather armour. x4
You finish taking off your +2 leather armour.
You start putting on your armour.
You continue putting on your scorched chain mail. x5
You finish putting on the cursed +0 chain mail "Neetehoi" {rC- rN++ Dex+2}.
Oops, that feels deathly cold.
Really read
n - a scroll of identify {!r}?
As you read the scroll of identify {!r}, it crumbles to dust.
r - a scroll of enchant weapon {!r}
There is a stone staircase leading up here.
An orc comes into view. It is wielding a +0 flail.
The orc shouts!
You hear an angry hiss.
A hound comes into view.
There are monsters nearby!
There are monsters nearby!
The hound barks!
A worker ant comes into view. "Time to have some fun!"
You hit the two-headed ogre but do no damage.
You hit the two-headed ogre.
The two-headed ogre is lightly wounded.
The two-headed ogre hits you but does no damage.
The two-headed ogre hits you with a giant spiked club!
The orc hits you with a +0 flail.
You hit the shadow imp.
The shadow imp's magic leaks into the air.
The shadow imp is moderately wounded.
The shadow imp hits you but does no damage.
Really read
p - 2 scrolls labeled NYWNEULEPOS {!r}?
As you read the scroll labeled NYWNEULEPOS {!r}, it crumbles to dust.
You feel aware of your surroundings.
You sensed 1 altar.
It was a scroll of magic mapping {!r}.
The orc hits you with a +0 flail.
The two-headed ogre hits you with a giant club!
The two-headed ogre misses you. The shadow imp hits you.
* * * LOW HITPOINT WARNING * * *
Really read
o - 2 scrolls labeled SENYHI IHEUTZE {!r}?
As you read the scroll labeled SENYHI IHEUTZE {!r}, it crumbles to dust.
You feel strangely unstable.
It was a scroll of teleportation {!r}.
The orc hits you with a +0 flail.
* * * LOW HITPOINT WARNING * * *
The two-headed ogre hits you but does no damage.
The two-headed ogre completely misses you.
The shadow imp barely misses you.
You can't drink.
Really read
i - 2 scrolls labeled OKIMYI SAPSIU {!r}?
As you read the scroll labeled OKIMYI SAPSIU {!r}, it crumbles to dust.
You hear a loud clanging noise!
It was a scroll of noise {!r}.
Something shouts, "Out, out, thou bawdy spleeny baggage!"
You hear a shout! x2
The orc hits you but does no damage.
The shadow imp hits you but does no damage.
The two-headed ogre hits you with a giant club!!
You die...
Xom bursts into laughter!

,,,,,,,,,,,..........######.#.#.#
,,,,,,,,,,.............)....!...#
>,,,,,,,,,...........######.#.#.#
*****,,,,*........<..# #.#..<.
*****,,,,*...........# #.#....
,,,,,,,,,*,..........# #.#....
*****,,,,*,..........######.#....
*,,,,*,#####5#.##.......[..##
*****,,,,,,* #@oh##..........##
,,,**,,,,,,****##Oa##............
**,**,,,,,,,,,,,.h.##....(.......
*,**,,,,***,**#...##...........>
*,**,,,*,,,*,,.#................
*,**,,***,***a.#..##...........#
**,*,,*,*,*,*.#.#......(.........
,,,,,***,***,*#*...##..........##
***,*,*,*,*,*,*,,,,*#..........##


You could see a two-headed ogre, 2 hounds, a worker ant, a shadow imp and an
orc.

Vanquished Creatures
  2 phantoms
  An ogre (D:4)
  A bullfrog (D:5)
  A scorpion (D:3)
  3 hounds
  A bullfrog skeleton (D:5)
  2 orc wizards
  Terence (D:3)
  2 worker ants (D:4)
  8 mummies (Ossuary)
  An adder (D:3)
  An adder skeleton (D:4)
  A dart slug (D:4)
  3 leopard geckos
  16 orcs
  A ball python (D:3)
  4 giant cockroaches
  5 goblins
  2 hobgoblins (D:2)
  2 jackals (D:4)
  2 quokkas
  2 frilled lizards (D:2)
  3 gnoll zombies (Ossuary)
  3 hobgoblin zombies (Ossuary)
  2 orc zombies (Ossuary)
  A rat (D:2)
71 creatures vanquished.

Notes
Turn   | Place    | Note
-------+----------+-------------------------------------------
     0 | D:1      | Amnesiac the Mummy Chaos Knight began the quest for the
                  | Orb.
     0 | D:1      | Reached XP level 1. HP: 18/18 MP: 1/1
    35 | D:2      | Found a sacrificial altar of Ru.
   147 | D:2      | Reached XP level 2. HP: 24/24 MP: 2/2
   150 | D:2      | Reached skill level 3 in Short Blades
   164 | D:2      | XOM: harmless Ice miscast
   208 | D:2      | XOM: divination: magic mapping
   307 | D:3      | XOM: harmless Hex miscast
   357 | D:2      | XOM is BORED!
   357 | D:2      | XOM: harmless Conj miscast
   358 | D:2      | XOM: divination: detect creatures
   577 | D:3      | Reached XP level 3. HP: 29/29 MP: 3/3
   647 | D:3      | Noticed a scorpion
   651 | D:3      | XOM: potion effect (might)
   654 | D:3      | Killed a scorpion
   654 | D:3      | Reached skill level 4 in Short Blades
   654 | D:3      | Reached XP level 4. HP: 35/35 MP: 4/4
   682 | D:3      | Noticed Terence
   687 | D:3      | Killed Terence
   696 | D:3      | XOM: divination: magic mapping
   700 | D:3      | XOM: divination: detect creatures
   864 | D:4      | Noticed a phantom
   865 | D:4      | XOM: potion effect (invisibility)
   874 | D:4      | Reached XP level 5. HP: 36/41 MP: 5/5
   886 | D:4      | Killed a phantom
   886 | D:4      | Reached skill level 5 in Short Blades
   942 | D:4      | XOM: harmless Pois miscast
   962 | D:4      | Found a sand-covered staircase.
   975 | Ossuary  | Entered an ossuary
  1045 | Ossuary  | XOM: harmless Necr miscast
  1140 | Ossuary  | XOM: confusion (+ monsters)
  1151 | Ossuary  | Reached XP level 6. HP: 47/47 MP: 6/6
  1195 | Ossuary  | XOM: 1-stop teleportation journey
  1243 | Ossuary  | Reached skill level 6 in Short Blades
  1914 | D:4      | XOM: confuse monster(s)
  1963 | D:4      | XOM: smoke on damage
  1968 | D:4      | Reached XP level 7. HP: 44/52 MP: 7/7
  2414 | D:5      | Identified a paperback manual
  2414 | D:5      | Entered Level 5 of the Dungeon
  2436 | D:5      | XOM: blink monster(s)
  2443 | D:5      | Reached skill level 7 in Short Blades
  2643 | D:5      | Found a staircase to the Ecumenical Temple.
  2660 | Temple   | Entered the Ecumenical Temple
  2851 | D:5      | XOM: enchant monster (bad)
  2871 | D:5      | Got a scorched chain mail
  2882 | D:5      | Identified the cursed +0 chain mail "Neetehoi" {rC- rN++
                  | Dex+2} (You found it on level 5 of the Dungeon)
  2890 | D:5      | XOM: summons 3 hostile shadow creatures
  2891 | D:5      | Noticed a two-headed ogre
  2896 | D:5      | Slain by a two-headed ogre

Vault maps used:
D:1:      lightli_iron_boxes
D:2:      nicolae_tso_carved_into_rock, lemuel_doored_altar,
          hangedman_ru_absence
D:3:      grunt_temple_overflow_open, nrook_campfire, uniq_terence
D:4:      first_ration, nicolae_ossuary_entry_ruins, nrook_mini_backslash,
          minmay_misc_feat_roman
D:5:      kennysheep_mini_moat, minmay_temple_entry_butterflies,
          minmay_manual_mail
Temple:   compressed_dpeg_triangle_lava_temple
Ossuary:  ossuary_tomb_3

Skill      XL: |  1  2  3  4  5  6  7 |
---------------+----------------------+-----
Short Blades   | 3 4 5 6 7 |  7.6
Fighting       | |  3.0
Armour         | |  1.5
Dodging        | |  0.7

Action                   |  1- 3 |  4- 6 |  7- 9 || total
-------------------------+-------+-------+-------++-------
Melee: Short sword       |    33 |    52 |    87 ||   172
       Hand axe          |    16 |    58 |       ||    74
 Fire: Hunting sling     |     2 |    27 |       ||    29
  Use: Scroll            |       |     3 |     4 ||     7
 Stab: Invisible         |       |     2 |       ||     2
       Petrified         |       |     3 |       ||     3
       Paralysed         |       |     1 |     1 ||     2
       Confused          |       |       |     1 ||     1
Armor: Leather armour    |    17 |    31 |    18 ||    66
       Chain mail        |       |       |     4 ||     4
Dodge: Dodged            |    25 |    53 |    46 ||   124

Table legend:
 A = Non-vault XP
 B = Vault XP
 C = Vault XP percentage of total XP
 D = Non-vault monster count
 E = Vault monster count
 F = Vault count percentage of total count
                 A         B        C        D         E       F
            +---------+---------+-------+---------+---------+-------
      Total |     963 |     190 |  16.5 |      54 |      17 |  23.9
            +---------+---------+-------+---------+---------+-------
        D:1 |       2 |       0 |   0.0 |       1 |       0 |   0.0
        D:2 |      26 |       0 |   0.0 |      13 |       0 |   0.0
        D:3 |     105 |      36 |  25.5 |      10 |       1 |   9.1
        D:4 |     482 |       0 |   0.0 |      21 |       0 |   0.0
        D:5 |     306 |       0 |   0.0 |       8 |       0 |   0.0
     Temple |      42 |       0 |   0.0 |       1 |       0 |   0.0
    Ossuary |       0 |     154 | 100.0 |       0 |      16 | 100.0
            +---------+---------+-------+---------+---------+-------
